 Dungeon Crawl Stone Soup version 0.29-a0-994-gc5c9f59d18 (webtiles) character file.

Game seed: 11891814424544998460

470 2tc the Cleaver (level 7, -8/85 HPs)
             Began as a Hill Orc Monk on Aug 3, 2022.
             Was a Believer of Kikubaaqudgha.
             Mangled by a gnoll sergeant
             ... wielding a +0 spear
              (10 damage)
             ... on level 5 of the Dungeon.
             The game lasted 00:11:40 (4688 turns).

2tc the Cleaver (Hill Orc Monk)                     Turns: 4688, Time: 00:11:40

Health: -8/85      AC:  4    Str: 22    XL:     7   Next: 9%
Magic:  5/7        EV: 12    Int: 10    God:    Kikubaaqudgha [**....]
Gold:   285        SH:  5    Dex: 13    Spells: 5/6 levels left

rFire   + . .      SeeInvis .   a - +2 hand axe
rCold   . . .      Faith    .   (no shield)
rNeg    . . .      Spirit   .   b - +0 robe
rPois   .          Reflect  +   (no helmet)
rElec   .          Harm     .   f - +0 cloak
rCorr   .          Rampage  .   (no gloves)
Will    .....                   m - +0 pair of boots
Stlth   ..........              h - amulet of reflection
HPRegen 0.24/turn               g - ring of protection from fire
MPRegen 0.10/turn               n - +6 ring of strength

@: berserking, attractive, very slightly contaminated, very quick
A: no striking features
a: Renounce Religion, Unearth Wretches


You were on level 5 of the Dungeon.
You worshipped Kikubaaqudgha.
Kikubaaqudgha was pleased with you.
You visited 2 branches of the dungeon, and saw 6 of its levels.

You collected 285 gold pieces.

Inventory:

Hand Weapons
 a - a +2 hand axe (weapon)
Missiles
 c - 5 poisoned darts (quivered)
Armour
 b - a +0 robe (worn)
 f - a +0 cloak (worn)
 i - a +0 buckler
 m - a +0 pair of boots (worn)
Jewellery
 g - a ring of protection from fire (left hand)
 h - an amulet of reflection (around neck)
 n - a +6 ring of strength (right hand)
Scrolls
 j - a scroll of amnesia
 p - a scroll of teleportation
Potions
 d - a potion of cancellation
 e - 2 potions of curing
 k - a potion of attraction
 o - a potion of degeneration {unknown}
 q - a potion of flight {unknown}


   Skills:
 - Level 3.6 Fighting
 * Level 10.2 Axes
 - Level 2.4 Dodging
 - Level 1.5 Stealth


You had 5 spell levels left.
You knew the following spells:

 Your Spells              Type           Power      Damage    Failure   Level
a - Necrotise             Necr           0%         1d4       36%         1

Your spell library contained the following spells:

 Spells                   Type           Power      Damage    Failure   Level
 Freeze                   Ice            0%         1d3       36%         1
 Sublimation of Blood     Necr           0%         N/A       50%         2
 Frozen Ramparts          Ice            0%         1d8       75%         3
 Ozocubu's Armour         Ice            0%         N/A       75%         3
 Vampiric Draining        Necr           0%         2d6       75%         3
 Anguish                  Hex/Necr       0%         N/A       98%         4
 Hailstorm                Conj/Ice       0%         3d3       98%         4
 Ozocubu's Refrigeration  Ice            0%         4d7       100%        7


Dungeon Overview and Level Annotations

Branches:
Dungeon (5/15)             Temple (1/1) D:4

Altars:
Dithmenos
Elyvilon
Fedhas
Hepliaklqana
Kikubaaqudgha
Makhleb
Nemelex Xobeh
Qazlal
Ru
Trog
Vehumet
Wu Jian
Xom
Yredelemnul
The Shining One
Jiyva


Message History

The gnoll sergeant is moderately wounded.
The gnoll sergeant barely misses you.
You hit the gnoll sergeant.
The gnoll sergeant is heavily wounded.
The gnoll sergeant closely misses you.
You hit the gnoll sergeant.
The gnoll sergeant is heavily wounded.
The gnoll sergeant barely misses you.
You hit the gnoll sergeant but do no damage.
The gnoll sergeant is heavily wounded.
You hit the gnoll. You barely miss the gnoll sergeant.
The gnoll sergeant is heavily wounded.
You hit the gnoll.
The gnoll sergeant hits you with a +0 spear!
The gnoll hits you with a +0 whip. The gnoll sergeant blocks your attack.
The gnoll sergeant is heavily wounded.
You hit the gnoll.
The gnoll sergeant hits you with a +0 spear!
The gnoll hits you with a +0 whip!
* * * LOW HITPOINT WARNING * * *
Unknown command.
You closely miss the gnoll sergeant.
The gnoll sergeant is heavily wounded.
You closely miss the gnoll.
The gnoll sergeant hits you with a +0 spear!
* * * LOW HITPOINT WARNING * * *
The gnoll misses you.
It was a potion of attraction.
You feel attractive to monsters.
The gnoll sergeant completely misses you.
The gnoll hits you with a +0 whip.
* * * LOW HITPOINT WARNING * * *
It was a potion of berserk rage.
A red film seems to cover your vision as you go berserk!
You feel yourself moving faster!
You feel mighty!
The gnoll sergeant hits you with a +0 spear!
You die...
Kikubaaqudgha rasps: "You have failed me!
Welcome... death!"

. ###
...g###g####
#.....gg@..##
#....#####..##
### ###.###
#...## .#
##...# ..
##..# .. #..#
.. ##..# ..
######...# ...


You could see a gnoll sergeant and 3 gnolls.

Vanquished Creatures
  A bullfrog (D:5)
  A necrophage (D:5)
  A scorpion (D:4)
  Jessica (D:3)
  An iguana (D:4)
  An orc wizard (D:4)
  7 gnolls
  4 adders
  2 ufetubi
  4 dart slugs
  11 orcs
  7 endoplasms
  3 giant cockroaches
  12 goblins
  3 hobgoblins
  5 kobolds
  3 quokkas
  7 ball pythons
  2 bats (D:3)
  3 frilled lizards
  6 rats
85 creatures vanquished.

Notes
Turn   | Place    | Note
-------+----------+-------------------------------------------
     0 | D:1      | 2tc the Hill Orc Monk began the quest for the Orb.
     0 | D:1      | Reached XP level 1. HP: 19/19 MP: 1/1
   247 | D:1      | Reached XP level 2. HP: 26/26 MP: 2/2
   652 | D:1      | Reached skill level 5 in Axes
  1003 | D:1      | Reached XP level 3. HP: 26/31 MP: 3/3
  1687 | D:2      | Reached skill level 6 in Axes
  1689 | D:2      | Reached XP level 4. HP: 27/39 MP: 4/4
  2339 | D:3      | Found an ancient bone altar of Kikubaaqudgha.
  2347 | D:3      | Became a worshipper of Kikubaaqudgha
  2347 | D:3      | Reached * piety under Kikubaaqudgha
  2347 | D:3      | Received a gift from Kikubaaqudgha
  2347 | D:3      | Reached ** piety under Kikubaaqudgha
  2443 | D:3      | Found a sacrificial altar of Ru.
  2603 | D:3      | Noticed Jessica
  2620 | D:3      | Killed Jessica
  2621 | D:3      | Reached skill level 7 in Axes
  2632 | D:3      | Found an ornate altar of the Wu Jian Council.
  2734 | D:3      | Reached XP level 5. HP: 28/45 MP: 5/5
  2742 | D:3      | Learned a level 1 spell: Necrotise
  2909 | D:3      | Found a shimmering altar of Xom.
  3176 | D:4      | Reached skill level 8 in Axes
  3465 | D:4      | Reached XP level 6. HP: 45/51 MP: 6/6
  3811 | D:4      | Reached skill level 9 in Axes
  3966 | D:4      | Found a staircase to the Ecumenical Temple.
  3977 | Temple   | Entered the Ecumenical Temple
  4265 | D:5      | Entered Level 5 of the Dungeon
  4670 | D:5      | Reached skill level 10 in Axes
  4670 | D:5      | Reached XP level 7. HP: 45/57 MP: 7/7
  4687 | D:5      | HP: 1/57 [gnoll/+0 whip[a gnoll sergeant] (4)]
  4688 | D:5      | Mangled by a gnoll sergeant

Illustrated notes

Levels and vault maps discovered:
D:1:      shiori_arrival_maze, layout_basic, chequers_garden,
          minmay_fountain_box
D:2:      layout_loops_ring
D:3:      layout_rooms, tgw_xom, mainiacjoe_overflow_surrounded_room,
          mainiacjoe_overflow_tiny_flanked, old_standard_altar,
          chequers_decorated_corner, lemuel_another_geyser, uniq_jessica
D:4:      layout_basic, minmay_temple_entry_mist
D:5:      layout_layer_cave, zin_scriptorium, serial_glass, glass_columns_c,
          glass_columns_a
Temple:   pf_slime_end_temple

Skill      XL: |  1  2  3  4  5  6 |
---------------+-------------------+-----
Axes           | 5 6 7 8 10 | 10.2
Fighting       | |  3.6
Dodging        | |  2.4
Stealth        | |  1.5

Action                   |  1- 3 |  4- 6 |  7- 9 || total
-------------------------+-------+-------+-------++-------
Melee: Hand axe          |   106 |   173 |     7 ||   286
       Punch             |     1 |     1 |       ||     2
 Cast: Necrotise         |       |       |     1 ||     1
  Use: Scroll            |     4 |     6 |       ||    10
       Potion            |       |     1 |     2 ||     3
 Stab: Sleeping          |     5 |     1 |       ||     6
Armor: Robe              |    11 |    20 |     1 ||    32
Dodge: Dodged            |    47 |    75 |     5 ||   127
Block: Other             |     3 |    31 |       ||    34
       Reflection        |       |     1 |       ||     1

Table legend: (Time is in decaauts)
 A = Elapsed time spent in this place.
 B = Non-inter-level travel time spent in this place.
 C = Inter-level travel time spent in this place.
 D = Time resting spent in this place.
 E = Time spent auto-exploring this place.
 F = Levels seen in this place.
 G = Mean time per level.
                   A        B        C        D        E       F      G
               +--------+--------+--------+--------+--------+-----+--------+
         Total |   4675 |   4473 |    202 |    256 |   3501 |   6 |  779.2 |
       Dungeon |   4532 |   4342 |    190 |    256 |   3384 |   5 |  906.4 |
        Temple |    142 |    130 |     12 |      0 |    117 |   1 |  142.0 |
               +--------+--------+--------+--------+--------+-----+--------+

Top non-repeatable levels by time:
     D:1: 1167 daAuts
     D:3: 1001 daAuts
     D:4: 997 daAuts
     D:2: 986 daAuts
     D:5: 380 daAuts
  Temple: 142 daAuts
